Map: Amygdala

Players

Jmob

  • Race: Protoss Protoss
  • League: Gold
  • Spawn Location: 1:00

GangusKaun - Winner!

  • Race: Protoss Protoss
  • League: Gold
  • Spawn Location: 7:00

VOD

Have the link to the VOD?

Description

Time

  • Played on: Dec. 8, 2024, 9:55 p.m.
  • Length: 15:54
Show
View Real Time Build Order
Export as new Build Order

Jmob Protoss 

Build Orders: Zealot Archon, Dark Templar Rush 

Get SALT Encoding   

  12  0:01  Probe  
  13  0:13  Probe  
  14  0:17  Pylon  
  14  0:25  Probe  
  15  0:37  Gateway  
  15  0:38  Probe  
  16  0:46  Probe  
  16  0:54  Probe  
  16  0:56  Assimilator  
  18  1:05  Probe  
  19  1:17  Probe  
  20  1:24  Cybernetics Core  
  20  1:29  Assimilator  
  20  1:30  Probe  
  21  1:42  Probe  
  22  1:50  Pylon  
  22  2:02  Warp Gate  
  22  2:11  Forge  
  22  2:15  Adept  
  24  2:20  Twilight Council  
  24  2:23  Protoss Shields Level 1, Probe  
  24  2:24  Pylon  
  25  2:51  Gateway  
  25  2:53  Gateway  
  25  3:03  Probe  
  26  3:07  Dark Shrine  
  26  3:59  Nexus  
  26  4:06  Pylon, Protoss Shields Level 2  
  26  4:13  Assimilator  
  26  4:16  Assimilator  
  26  4:23  Probe  
  27  4:30  Dark Templar x2  
  31  4:35  Probe  
  31  4:36  Zealot  
  34  4:47  Probe  
  35  4:59  Probe  
  36  5:00  Dark Templar  
  38  5:13  Probe  
  38  5:14  Probe  
  40  5:18  Shield Battery  
  40  5:19  Shield Battery  
  40  5:21  Pylon  
  40  5:24  Photon Cannon  
  40  5:25  Probe  
  40  5:26  Shield Battery, Probe  
  42  5:35  Dark Templar  
  42  5:36  Probe  
  42  5:39  Probe  
  46  5:44  Probe  
  47  5:52  Probe  
  48  5:57  Stalker x2  
  51  6:11  Photon Cannon  
  51  6:18  Pylon  
  51  6:21  Stalker x2  
  55  6:34  Protoss Shields Level 3  
  55  6:36  Probe x2  
  55  6:44  Probe x2  
  55  6:54  Probe x2, Photon Cannon  
  49  7:24  Archon  
  45  7:40  Dark Templar x3  
  51  7:47  Gateway  
  51  7:49  Gateway  
  51  7:53  Probe  
  51  7:57  Probe  
  53  8:01  Probe  
  54  8:09  Probe  
  54  8:11  Nexus  
  55  8:14  Assimilator, Dark Templar x3  
  55  8:17  Assimilator  
  61  8:22  Pylon  
  61  8:24  Stargate  
  61  8:31  Stargate  
  61  8:34  Photon Cannon  
  61  8:46  Shield Battery  
  61  8:47  Photon Cannon  
  61  8:58  Sentry  
  63  9:10  Dark Templar x4  
  71  9:25  Shadow Stride  
  71  9:27  Protoss Ground Weapons Level 1  
  71  9:28  Oracle x2  
  77  9:38  Zealot  
  77  9:55  Protoss Air Weapons Level 1  
  77  9:56  Zealot x3  
  77  9:57  Zealot  
  85  10:01  Pylon  
  85  10:11  Void Ray x2  
  93  10:26  Probe  
  93  10:32  Fleet Beacon  
  93  10:34  Probe  
  94  10:41  Probe x2  
  97  10:44  Probe  
  98  10:51  Photon Cannon  
  98  10:53  Probe x2  
  98  10:56  Probe  
  101  11:03  Photon Cannon  
  101  11:05  Probe  
  101  11:08  Probe  
  103  12:09  Photon Cannon  
  103  12:13  Pylon, Stalker x3  
  109  12:16  Pylon  
  109  12:27  Protoss Ground Weapons Level 2  
  109  12:38  Stalker x3  
  105  13:27  Nexus  
  105  13:29  Assimilator  
  78  13:34  Stalker, Assimilator  
  78  13:35  Stalker x4  
  57  14:07  Stalker x2  
  57  14:08  Stalker x3  
  67  14:17  Tempest x2  
  75  14:32  Stalker x5  
  69  14:59  Stalker x2  
  57  15:00  Stalker x3  
  40  15:26  Stalker x2  
  40  15:27  Stalker x2  
  31  15:44  Zealot  
Show
View Real Time Build Order
Export as new Build Order

GangusKaun Protoss - Winner!

Build Orders: 1 Gate Expand 

Get SALT Encoding   

  12  0:09  Probe  
  13  0:14  Pylon  
  13  0:21  Probe  
  14  0:33  Probe  
  15  0:38  Gateway  
  15  0:49  Probe  
  16  0:52  Assimilator  
  16  1:01  Probe  
  17  1:13  Probe  
  18  1:25  Nexus, Probe  
  19  1:33  Probe  
  20  1:41  Probe, Cybernetics Core  
  21  2:00  Probe  
  22  2:07  Pylon  
  22  2:10  Assimilator  
  22  2:18  Warp Gate  
  22  2:19  Probe  
  22  2:20  Zealot  
  25  2:34  Probe  
  26  2:44  Robotics Facility  
  26  2:50  Zealot  
  28  2:57  Gateway  
  28  3:02  Gateway  
  28  3:04  Shield Battery  
  28  3:10  Probe x2  
  28  3:12  Pylon  
  30  3:25  Probe  
  31  3:34  Twilight Council  
  31  3:35  Shield Battery  
  31  3:37  Probe  
  31  3:38  Probe  
  32  4:03  Probe x2  
  32  4:07  Pylon  
  34  4:10  Assimilator  
  34  4:11  Probe  
  34  4:15  Probe  
  36  4:19  Probe  
  37  4:27  Probe  
  37  4:28  Stalker  
  37  4:29  Stalker x2  
  44  4:34  Probe  
  45  4:39  Pylon, Probe  
  45  4:40  Observer  
  45  4:42  Blink  
  47  4:45  Gateway  
  47  4:52  Observer  
  47  4:56  Forge  
  48  5:08  Dark Shrine  
  48  5:13  Pylon, Probe x2  
  50  5:22  Protoss Ground Weapons Level 1  
  50  5:24  Pylon  
  50  5:25  Probe x2  
  52  5:40  Shield Battery  
  52  5:46  Photon Cannon  
  52  5:49  Assimilator  
  52  5:50  Sentry x2  
  52  5:51  Zealot x2  
  60  6:07  Immortal  
  64  6:20  Observer  
  64  6:23  Stalker x4  
  72  6:28  Observer  
  56  6:54  Zealot x4  
  64  7:02  Shield Battery, Gateway  
  64  7:06  Gateway  
  64  7:07  Pylon  
  48  7:27  Zealot x3  
  48  7:28  Stalker  
  54  7:50  Nexus  
  54  7:53  Pylon  
  54  7:56  Pylon  
  54  7:58  Pylon, Probe x2  
  55  8:04  Zealot  
  55  8:05  Zealot x3  
  62  8:06  Stalker  
  62  8:10  Probe  
  67  8:24  Probe  
  67  8:25  Probe  
  69  8:38  Photon Cannon  
  69  8:39  Photon Cannon  
  69  8:41  Gateway  
  69  8:47  Probe x2  
  71  8:48  Robotics Facility  
  71  8:51  Shield Battery  
  71  8:54  Pylon  
  71  9:05  Pylon, Templar Archives  
  71  9:15  Pylon  
  71  9:17  Pylon, Assimilator  
  71  9:18  Assimilator  
  71  9:21  Dark Templar  
  73  9:26  Sentry x3  
  73  9:27  Sentry, Probe  
  73  9:31  Probe  
  83  9:53  Immortal x2  
  83  9:57  Pylon  
  91  10:15  Protoss Ground Weapons Level 2  
  91  10:17  Stargate  
  91  10:18  Charge  
  91  10:22  Psionic Storm  
  91  10:26  Robotics Bay  
  91  10:29  Gateway  
  91  10:31  Gateway  
  91  10:41  High Templar x5  
  91  10:42  High Templar  
  103  10:45  Archon  
  103  10:46  Archon x2  
  103  10:59  Shield Battery  
  103  11:02  Shield Battery  
  103  11:06  Photon Cannon  
  103  11:11  Photon Cannon  
  103  11:15  Photon Cannon  
  103  11:19  Probe x2, Photon Cannon  
  103  11:23  High Templar x3, Oracle  
  103  11:25  High Templar, Nexus  
  113  11:27  Probe  
  113  11:30  Pylon  
  117  11:46  Probe x2  
  111  12:07  Gravitic Boosters  
  111  12:17  Probe x2  
  111  12:20  Probe  
  114  12:25  Probe x2  
  114  12:27  Immortal  
  116  12:30  Stalker x5  
  116  12:31  Stalker  
  116  12:32  Probe  
  116  12:36  Void Ray  
  133  12:37  Observer  
  138  12:45  Protoss Shields Level 1  
  138  12:46  Immortal  
  142  13:08  Stalker x3  
  142  13:09  Stalker  
  142  13:10  Sentry  
  142  13:36  Archon  
  133  14:04  Nexus  
  133  14:08  Pylon  
  133  14:09  Pylon  
  133  14:12  Pylon  
  133  14:14  Pylon  
  133  14:16  Assimilator  
  133  14:23  Immortal x2  
  145  14:27  Void Ray  
  139  14:47  Archon  
  120  15:09  Pylon  
  120  15:10  Void Ray  
  103  15:35  Stalker x3  
  99  15:36  Stalker x5  
Tags
 
Composition
Zealot Archon
League
GoldGold
Matchup
PvP
Spawn Locations
Cross Positions
Add a new tag
Caveats
  • Supply blocks, unpowered buildings, or Contaminate may cause inaccurate times.
  • Supply counts are checked every 10 seconds.